 Dungeon Crawl Stone Soup version 0.19.0-19-g8c6edcc (webtiles) character file.

35160 Jerry the Carver (level 13, -20/113 HPs)
             Began as a Minotaur Gladiator on Nov 14, 2016.
             Was a High Priest of the Shining One.
             Demolished by Braschwitzo's ghost (27 damage)
             ... on level 14 of the Dungeon.
             The game lasted 01:00:11 (17647 turns).

Jerry the Carver (Minotaur Gladiator)              Turns: 17647, Time: 01:00:12

Health: -20/113    AC: 14    Str: 21    XL:     13   Next: 46%
Magic:  20/20      EV: 20    Int:  9    God:    the Shining One [*****.]
Gold:   1280       SH:  3    Dex: 16    Spells: 1 memorised, 10 levels left

rFire  . . .     SeeInvis .     c - +3 triple sword (elec)
rCold  . . .     Gourm    .     B - +0 troll leather armour
rNeg   + + .     Faith    .     (shield currently unavailable)
rPois  .         Spirit   .     M - +1 hat {Int+3}
rElec  .         Reflect  +     (no cloak)
rCorr  +         Harm     .     s - +0 pair of gloves
MR     +....                    I - +2 pair of boots {run}
Stlth  +.........               F - +3 amulet of reflection
                                G - ring of resist corrosion
                                b - ring of stealth

@: glowing, quick
A: retaliatory headbutt, horns 2, iridescent scales 1, high mp 1, magic
resistance 1, sense surroundings 1, strong 1, no device heal 1, subdued magic 1
a: Divine Shield, Cleansing Flame, Summon Divine Warrior, Renounce Religion


You were on level 14 of the Dungeon.
You worshipped the Shining One.
The Shining One was extremely pleased with you.
You were hungry.

You visited 2 branches of the dungeon, and saw 16 of its levels.
You also visited: Ossuary.

You collected 1630 gold pieces.
You spent 350 gold pieces at shops.

Inventory:

Hand Weapons
 c - a +3 triple sword of electrocution (weapon)
 v - a +2 falchion of slicing
Missiles
 d - 4 throwing nets (quivered)
Armour
 s - a +0 pair of gloves (worn)
 y - a +1 ring mail of cold resistance
 B - a +0 troll leather armour (worn)
 I - a +2 pair of boots of running (worn)
 M - a +1 hat of intelligence (worn)
 Q - a +2 buckler
Rods
 z - a +0 lightning rod (14/14)
   (You found it on level 9 of the Dungeon)
Jewellery
 b - a ring of stealth (left hand)
 F - a +3 amulet of reflection (around neck)
 G - a ring of resist corrosion (right hand)
 V - an uncursed ring of poison resistance {unknown}
Wands
 x - a wand of enslavement (11/24)
 C - a wand of slowing (25/48)
Scrolls
 a - a scroll of magic mapping
 e - 5 scrolls of identify
 g - 5 scrolls of fear
 h - 10 scrolls of teleportation
 n - 4 scrolls of amnesia
 o - 3 scrolls of fog
 p - a scroll of brand weapon {unknown}
 t - 12 scrolls of remove curse {unknown}
 u - 2 scrolls of blinking
 H - a scroll of enchant armour
 R - a scroll of immolation
Potions
 i - 7 potions of curing
 j - 2 potions of haste
 k - 3 potions of flight
 l - 2 potions of ambrosia
 q - 3 potions of brilliance
 w - a potion of cancellation
 A - a potion of agility
 K - 2 potions of lignification
Books
 r - a book of Clouds

   Spells                             Type                      Level
   a - Mephitic Cloud                 Conjuration/Poison/Air       3
   b - Conjure Flame                  Conjuration/Fire             3
   c - Poisonous Cloud                Conjuration/Poison/Air       6
   d - Freezing Cloud                 Conjuration/Ice/Air          6
   e - Ring of Flames                 Charms/Fire                  7
 E - a book of Callings

   Spells                             Type                      Level
   a - Summon Small Mammal            Summoning                    1
   b - Call Imp                       Summoning                    2
   c - Call Canine Familiar           Summoning                    3
   d - Summon Guardian Golem          Hexes/Summoning              3
   e - Summon Lightning Spire         Summoning/Air                4
   f - Summon Ice Beast               Ice/Summoning                4
 J - a book of Flames

   Spells                             Type                      Level
   a - Flame Tongue                   Conjuration/Fire             1
   b - Throw Flame                    Conjuration/Fire             2
   c - Conjure Flame                  Conjuration/Fire             3
   d - Inner Flame                    Hexes/Fire                   3
   e - Sticky Flame                   Conjuration/Fire             4
   f - Fireball                       Conjuration/Fire             5
 N - a book of Spatial Translocations

   Spells                             Type                      Level
   a - Blink                          Translocation                2
   b - Shroud of Golubria             Charms/Translocation         2
   c - Lesser Beckoning               Translocation                3
   d - Portal Projectile              Translocation                3
   e - Teleport Other                 Translocation                3
   f - Passage of Golubria            Translocation                4
 S - a book of the Warp

   Spells                             Type                      Level
   a - Gell's Gravitas                Hexes/Translocation          3
   b - Portal Projectile              Translocation                3
   c - Force Lance                    Conjuration/Translocation    4
   d - Dispersal                      Translocation                6
   e - Controlled Blink               Translocation                8
   f - Disjunction                    Translocation                8
 U - a book of Necromancy

   Spells                             Type                      Level
   a - Pain                           Necromancy                   1
   b - Animate Skeleton               Necromancy                   1
   c - Vampiric Draining              Necromancy                   3
   d - Regeneration                   Charms/Necromancy            3
   e - Animate Dead                   Necromancy                   4
   f - Control Undead                 Necromancy                   4
   The Shining One disapproves of the use of such an item.
Comestibles
 f - 7 bread rations
 m - 6 meat rations
 D - a slice of pizza
 L - a beef jerky
 O - 2 fruits
 P - 2 royal jellies


   Skills:
 - Level 10.0 Fighting
 + Level 14.4 Long Blades
 - Level 2.0 Throwing
 + Level 14.4 Armour
 + Level 11.0 Dodging
 + Level 9.3 Invocations


You had 10 spell levels left.
You knew the following spells:

 Your Spells              Type           Power        Failure   Level  Hunger
a - Blink                 Tloc           N/A          67%         2    ###....


Dungeon Overview and Level Annotations

Branches:
Dungeon (14/15)            Temple (0/1) D:6            Lair (0/6) D:9
    Orc (2/2) D:10            Elf (0/3) Orc:2
 Vaults: D:13-14

Altars:
Dithmenos
Fedhas
Hepliaklqana
Kikubaaqudgha
Nemelex Xobeh
The Shining One

Shops:
D:4 !   D:6 ?   D:12 ?

Annotations:
D:14 Braschwitzo's ghost, adept NaWr
Orc:2 gitgud34's ghost, journeyman MiFi


Innate Abilities, Weirdness & Mutations

You reflexively headbutt those who attack you in melee.
You have a pair of horns on your head.
You are partially covered in iridescent scales. (AC +2)
You have an increased reservoir of magic. (+10% MP)
You are resistant to hostile enchantments. (MR+)
You passively map a small area around you.
Your muscles are strong. (Str +2)
Potions and wands are less effective at restoring your health.
Your spells are a little easier to cast, but a little less powerful.


Message History

* * * LOW HITPOINT WARNING * * *
You are too injured to fight recklessly!
You hit Braschwitzo's ghost but do no damage.
Braschwitzo's ghost is almost destroyed.
Braschwitzo's ghost hits you but does no damage.
You hit Braschwitzo's ghost but do no damage.
You headbutt Braschwitzo's ghost, but do no damage.
Braschwitzo's ghost is almost destroyed.
Braschwitzo's ghost hits you!!
* * * LOW HITPOINT WARNING * * *
Braschwitzo's ghost burns you.
* * * LOW HITPOINT WARNING * * *
Your system partially rejects the healing.
You feel better. Braschwitzo's ghost hits you.
* * * LOW HITPOINT WARNING * * *
Braschwitzo's ghost burns you.
* * * LOW HITPOINT WARNING * * *
There is a stone staircase leading up here.
Braschwitzo's ghost hits you!!
You die...

#...##..####..##..##.##..#
#..# #..(##..#
#..##..##.##..###..#
#.......#
#..##..##.##.......#
........#
#..##..##.##.......#
........#
#..##..##.##..###..#
#.....(.# #.........##..#
#..# #.....(.#
#..(......##..# #..#
#.......# #.........##..#
#..# #.......#
#...W@....##..# #..#
#.......####..).)....##..#
#..#
#....................##..#
#..#
#............<.......##..#
#..#
#....................##..#
#..#
.....................##..#
#..#
.....................##..#
#..#
#........................#
#..#
#....................###.#
#..#


You could see Braschwitzo's ghost.

Vanquished Creatures
  Gastronok (D:8)
  Frances (D:13)
  Erolcha (D:9)
  A tengu warrior (D:13)
  3 centaur warriors
  Sonja (D:11)
  An unseen horror (D:14)
  4 hill giants
  An unseen horror (shapeshifter) (D:10)
  4 large abominations (D:13)
  A wizard (D:13)
  2 orc knights (D:10)
  A wolf spider zombie (D:14)
  An orc sorcerer (Orc:1)
  3 ugly things
  2 cyclopes
  A manticore (D:11)
  2 gargoyles (D:13)
  A spiny frog (D:9)
  A kobold demonologist (D:14)
  A tengu conjurer (D:13)
  A merfolk (D:9)
  3 trolls
  A slime creature (D:13)
  A two-headed ogre (D:13)
  Prince Ribbit (D:8)
  23 yaks
  2 shadows
  A wyvern (D:11)
  Sigmund (D:4)
  2 hungry ghosts
  A human (D:10)
  4 vampire mosquitoes (D:12)
  A soldier ant (D:13)
  4 wargs
  A water moccasin (D:11)
  A porcupine (D:9)
  2 hell hounds (Orc:1)
  A hornet zombie (D:11)
  5 ice beasts
  14 orc warriors
  3 sky beasts
  2 black bears (D:8)
  2 phantoms
  A necrophage (D:10)
  9 ogres
  17 centaurs
  A crocodile (D:12)
  4 big kobolds
  9 bullfrogs
  An elf zombie (D:7)
  3 gnoll sergeants
  2 elf skeletons (D:7)
  A wyvern skeleton (D:12)
  6 scorpions
  5 wights (D:12)
  7 killer bees
  8 howler monkeys
  3 centaur zombies
  6 crimson imps
  4 bullfrog zombies
  A human zombie (D:7)
  A quasit (D:10)
  4 jellies
  A gnoll shaman (D:4)
  8 hounds
  16 orc wizards
  2 centaur skeletons
  11 orc priests
  7 small abominations (D:13)
  7 iguanas
  6 worker ants
  2 killer bee zombies
  A hound zombie (D:5)
  8 mummies (Ossuary)
  A howler monkey zombie (D:7)
  23 gnolls
  10 adders
  3 oozes
  2 adder skeletons (D:9)
  5 worms
  A dart slug (D:1)
  6 leopard geckos
  69 orcs
  6 bats
  7 giant cockroaches
  2 gnoll zombies (Ossuary)
  7 goblins
  8 hobgoblins
  5 jackals
  12 kobolds
  8 quokkas
  A ball python (D:6)
  7 frilled lizards
  A jackal skeleton (D:6)
  A jackal zombie (D:8)
  3 kobold zombies (Ossuary)
  A leopard gecko skeleton (D:6)
  5 orc zombies
  A quokka skeleton (D:9)
  6 rats
474 creatures vanquished.

Vanquished Creatures (others)
  A troll (D:10)
  A killer bee (D:12)
  3 orcs
5 creatures vanquished.

Grand Total: 479 creatures vanquished

Notes
Turn   | Place    | Note
-------+----------+-------------------------------------------
     0 | D:1      | Jerry the Minotaur Gladiator began the quest for the Orb.
     0 | D:1      | Reached XP level 1. HP: 18/18 MP: 0/0
    18 | D:1      | Reached skill level 1 in Armour
    18 | D:1      | Reached XP level 2. HP: 22/25 MP: 1/1
   371 | D:1      | Reached XP level 3. HP: 30/31 MP: 2/2
  1129 | D:2      | Reached XP level 4. HP: 40/40 MP: 3/3
  1883 | D:3      | Reached XP level 5. HP: 42/46 MP: 4/4
  2081 | D:3      | Reached skill level 5 in Long Blades
  2301 | D:3      | Noticed an ogre
  2308 | D:3      | Killed an ogre
  2435 | D:3      | Reached XP level 6. HP: 50/53 MP: 5/5
  2946 | D:4      | Found an ancient bone altar of Kikubaaqudgha.
  2960 | D:4      | Reached skill level 5 in Fighting
  3150 | D:4      | Found Yskostri's Distillery.
  3154 | D:4      | Bought a potion of might for 48 gold pieces
  3154 | D:4      | Bought a potion of degeneration for 12 gold pieces
  3154 | D:4      | Bought a potion of curing for 36 gold pieces
  3154 | D:4      | Bought a potion of heal wounds for 60 gold pieces
  3220 | D:4      | Noticed a hungry ghost
  3228 | D:4      | Killed a hungry ghost
  3267 | D:4      | Reached skill level 5 in Armour
  3267 | D:4      | Reached XP level 7. HP: 33/62 MP: 6/6
  3713 | D:4      | Noticed Sigmund
  4035 | D:4      | Killed Sigmund
  4314 | D:4      | Got a shimmering rapier
  4315 | D:4      | Identified the +0 rapier "Jesiu" {speed, MR+} (You found it on level 4 of the Dungeon)
  4357 | D:5      | Entered Level 5 of the Dungeon
  4395 | D:5      | Reached XP level 8. HP: 59/71 MP: 7/7
  4792 | D:5      | Found a shadowy altar of Dithmenos.
  5170 | D:6      | Found a glowing golden altar of the Shining One.
  5173 | D:6      | Became a worshipper of the Shining One
  5268 | D:6      | Found a staircase to the Ecumenical Temple.
  5455 | D:6      | Reached XP level 9. HP: 79/82 MP: 8/8
  5592 | D:6      | Found Jyluroor's Magic Scroll Boutique.
  5600 | D:6      | Bought a scroll of enchant weapon for 97 gold pieces
  5600 | D:6      | Bought a scroll of fear for 45 gold pieces
  5600 | D:6      | Bought a scroll of random uselessness for 13 gold pieces
  5600 | D:6      | Bought a scroll of teleportation for 39 gold pieces
  5662 | D:6      | Reached * piety under the Shining One
  5675 | D:6      | Gained mutation: You have an increased reservoir of magic. (+10% MP) [mutagenic meat]
  5676 | D:6      | Gained mutation: You are resistant to hostile enchantments. (MR+) [mutagenic meat]
  5678 | D:6      | Gained mutation: You are frail. (-10% HP) [mutagenic meat]
  5679 | D:6      | Lost mutation: You are frail. (-10% HP) [mutagenic meat]
  5680 | D:6      | Gained mutation: You are partially covered in iridescent scales. (AC +2) [mutagenic meat]
  5716 | D:6      | Found a hazy altar of Hepliaklqana.
  5955 | D:7      | Found a sparkling altar of Nemelex Xobeh.
  6297 | D:7      | Found a sand-covered staircase.
  6311 | Ossuary  | Entered an ossuary
  6313 | Ossuary  | Reached ** piety under the Shining One
  6688 | D:7      | Gained mutation: Your muscles are strong. (Str +2) [mutagenic meat]
  6689 | D:7      | Gained mutation: You passively map a small area around you. [mutagenic meat]
  6690 | D:7      | Gained mutation: Potions and wands are less effective at restoring your health. [mutagenic meat]
  6693 | D:7      | Gained mutation: Your spells are a little easier to cast, but a little less powerful. [mutagenic meat]
  6870 | D:8      | Reached *** piety under the Shining One
  6882 | D:8      | Reached skill level 10 in Long Blades
  6890 | D:8      | Reached skill level 10 in Fighting
  6987 | D:8      | Noticed Prince Ribbit
  7018 | D:8      | Killed Prince Ribbit
  7018 | D:8      | Reached XP level 10. HP: 20/93 MP: 10/10
  7068 | D:8      | Reached skill level 10 in Armour
  7755 | D:8      | Noticed Gastronok
  7783 | D:8      | Killed Gastronok
  7783 | D:8      | Reached skill level 5 in Dodging
  8059 | D:9      | Noticed Erolcha
  8135 | D:9      | Killed Erolcha
  8335 | D:9      | Noticed a spiny frog
  8346 | D:9      | Killed a spiny frog
  8346 | D:9      | Reached XP level 11. HP: 79/99 MP: 14/14
  8476 | D:9      | Found a staircase to the Lair.
  8788 | D:9      | Reached **** piety under the Shining One
  9166 | D:10     | Entered Level 10 of the Dungeon
  9281 | D:10     | Noticed a hill giant
  9296 | D:10     | Killed a hill giant
  9473 | D:10     | Noticed a hill giant
  9483 | D:10     | Killed a hill giant
  9626 | D:10     | Noticed an unseen horror
  9626 | D:10     | a human changed into an unseen horror
  9632 | D:10     | Killed an unseen horror
  9668 | D:10     | Reached skill level 5 in Invocations
  9742 | D:10     | Found a staircase to the Orcish Mines.
 10350 | D:10     | Found a sparkling altar of Nemelex Xobeh.
 10499 | Orc:1    | Entered Level 1 of the Orcish Mines
 10519 | Orc:1    | Noticed an orc knight
 10994 | Orc:1    | Noticed an orc sorcerer
 11013 | D:10     | Killed an orc knight
 11303 | Orc:1    | Killed an orc sorcerer
 11435 | Orc:1    | Noticed an orc knight
 11567 | D:10     | Killed an orc knight
 12080 | Orc:2    | Entered Level 2 of the Orcish Mines
 12090 | Orc:2    | Noticed gitgud34's ghost (journeyman MiFi)
 12522 | Orc:2    | HP: 4/99 [gitgud34's ghost (17)]
 12522 | Orc:2    | HP: 1/99 [gitgud34's ghost (3)]
 13648 | D:11     | Reached XP level 12. HP: 84/106 MP: 17/17
 13808 | D:11     | Found a blossoming altar of Fedhas.
 14106 | D:11     | Noticed Sonja
 14217 | D:11     | Killed Sonja
 14306 | D:11     | Reached ***** piety under the Shining One
 14387 | D:11     | Identified a scroll of acquirement
 14640 | D:12     | Noticed a five-headed hydra
 15219 | D:12     | Found Kautt's Magic Scroll Shop.
 15244 | D:12     | Noticed a centaur warrior
 15254 | D:12     | Killed a centaur warrior
 15824 | D:13     | Identified a +2 pair of boots of running (You found it on level 13 of the Dungeon)
 16020 | D:13     | Learned a level 2 spell: Blink
 16226 | D:13     | Noticed a centaur warrior
 16233 | D:13     | Killed a centaur warrior
 16265 | D:13     | Reached skill level 10 in Dodging
 16439 | D:13     | Noticed a tengu warrior
 16465 | D:13     | Killed a tengu warrior
 16465 | D:13     | Reached XP level 13. HP: 82/113 MP: 20/20
 16743 | D:13     | Noticed Frances
 16751 | D:13     | Killed Frances
 17577 | D:14     | Noticed Braschwitzo's ghost (adept NaWr)
 17641 | D:14     | HP: 5/113 [Braschwitzo's ghost (28)]
 17641 | D:14     | HP: 2/113 [Braschwitzo's ghost (3)]
 17647 | D:14     | Demolished by Braschwitzo's ghost

Skill      XL: |  1  2  3  4  5  6  7  8  9 10 11 12 13 |
---------------+----------------------------------------+-----
Armour         | 1 2 3 4 5 6 8 9 11 12 13 14 | 14.4
Fighting       | 3 4 5 6 8 10 | 10.0
Long Blades    | 4 5 6 7 8 10 11 12 14 | 14.4
Dodging        | 6 8 10 11 | 11.0
Invocations    | 3 6 8 9 |  9.3
Throwing       | |  2.0

Action                   |  1- 3 |  4- 6 |  7- 9 | 10-12 | 13-15 || total
-------------------------+-------+-------+-------+-------+-------++-------
Melee: Long sword        |    72 |   135 |   404 |   348 |       ||   959
       Headbutt          |     6 |    26 |   109 |   199 |    35 ||   375
       Falchion          |       |       |       |   260 |       ||   260
       Triple sword      |       |       |       |   114 |   111 ||   225
Throw: Throwing net      |       |       |       |     3 |       ||     3
Invok: Divine Shield     |       |       |       |     2 |     2 ||     4
Evoke: Wand              |       |       |       |    12 |       ||    12
  Use: Potion            |       |     1 |     3 |     8 |     1 ||    13
       Scroll            |       |       |     5 |    16 |       ||    21
 Stab: Sleeping          |       |       |     1 |       |       ||     1
  Eat: Chunk             |     1 |     6 |    29 |    29 |     3 ||    68
       Pizza             |       |     1 |       |     1 |       ||     2
       Fruit             |       |       |       |     1 |       ||     1
Armor: Leather armour    |     5 |       |       |       |       ||     5
       Plate armour      |    44 |    83 |       |       |       ||   127
       Ring mail         |       |     5 |   163 |   187 |       ||   355
       Troll leather arm |       |       |       |    38 |    18 ||    56
Dodge: Dodged            |    31 |    54 |   222 |   547 |    81 ||   935
Block: Other             |       |       |       |   100 |    19 ||   119
       Reflection        |       |       |       |     6 |     2 ||     8
       Rpst.: Long sword |    12 |     9 |    61 |    58 |       ||   140
       Falchion          |       |       |       |    32 |       ||    32
       Triple sword      |       |       |       |    34 |    29 ||    63
